 Dungeon Crawl Stone Soup version 0.23.2-30-g0e89c35649 (webtiles) character file.

Game seed: 844203246428549021

56 Tursa the Shooter (level 3, 0/30 HPs)
             Began as a Centaur Hunter on June 23, 2019.
             Succumbed to an adder's poison
             ... on level 2 of the Dungeon.
             The game lasted 00:18:39 (2040 turns).

Tursa the Shooter (Centaur Hunter)                  Turns: 2040, Time: 00:18:39

Health: 0/30       AC:  5    Str: 17    XL:     3   Next: 71%
Magic:  3/3        EV:  9    Int: 10    God:
Gold:   45         SH:  0    Dex:  9    Spells: 2/2 levels left

rFire    + . .     SeeInvis .   b - +0 short sword
rCold    + . .     Gourm    .   (no shield)
rNeg     . . .     Faith    .   c - +1 leather armour
rPois    +         Spirit   .   (no helmet)
rElec    +         Reflect  .   (no cloak)
rCorr    +         Harm     .   (no gloves)
MR       .....                  (no barding)
Stlth    +.........             (no amulet)
HPRegen  0.10/turn              e - +2 ring of strength
MPRegen  0.08/turn              (no ring)

@: lethally poisoned (0 -> -1), resistant, berserk cooldown, flying, slowed
A: large, hooves 3, deformed body, speed 2, tough skin 3
a: no special abilities


You were on level 2 of the Dungeon.
You were full.

You visited 1 branch of the dungeon, and saw 2 of its levels.

You collected 45 gold pieces.

Inventory:

Hand Weapons
 a - a +2 shortbow
 b - a +0 short sword (weapon)
 l - a +0 hand axe
 q - a +0 long sword
Missiles
 o - 2 arrows
Armour
 c - a +1 leather armour (worn)
Jewellery
 e - a +2 ring of strength (left hand)
Scrolls
 d - a scroll of enchant armour
 g - 2 scrolls of fear
 m - 2 scrolls of remove curse
Comestibles
 f - a ration


   Skills:
 + Level 2.5 Fighting
 * Level 6.6 Bows
 + Level 1.5 Dodging
 - Level 0.6 Stealth


You had 2 spell levels left.
You didn't know any spells.
Your spell library was empty.

Dungeon Overview and Level Annotations

Branches:
Dungeon (2/15)

Altars:


Innate Abilities, Weirdness & Mutations

You have hooves in place of feet.
Armour fits poorly on your strangely shaped body.
You cover ground very quickly.
You have extremely tough skin. (AC +3)


Message History

It was a potion of resistance.
You feel protected.
As you read the scroll labeled LIYSTE FIWAJA, it crumbles to dust.
You feel strangely unstable.
It was a scroll of teleportation.
* * * LOW HITPOINT WARNING * * *
You feel sick.
As you read the scroll labeled QEAVVA IVAUDI, it crumbles to dust.
You feel blessed for a moment.
It was a scroll of remove curse.
Your surroundings suddenly seem different.
There is a lethal amount of poison in your body!
As you read the scroll labeled QUAP RELOSHROEH, it crumbles to dust.
It is a scroll of enchant weapon.
Your +1 shortbow glows red for a moment.
* * * LOW HITPOINT WARNING * * *
You feel sick.
As you read the scroll labeled UKHASHR VAPRU, it crumbles to dust.
It is a scroll of enchant armour.
Your +0 leather armour glows green for a moment.
You eat one of the 2 rations.
That ration really hit the spot!
You die...

#..........<#.#
#.######
#########.###.#
###..#
#######.....#
#....##
#...........#
#.....#
#.#########.#
#.....# #.#
#.....# #.#
#####.##
##.##########..###
#@................
#...##########.###
#...# #..## #...#
##.## #...# #..#
#...# ##.# #...#
#.# #...# #..
#...# ##.


There were no monsters in sight!

Vanquished Creatures
  3 adders (D:2)
  A leopard gecko (D:1)
  3 bats
  3 goblins
  6 hobgoblins
  4 jackals (D:2)
  A kobold (D:1)
  4 frilled lizards
  3 rats (D:2)
  2 toadstools (D:1)
30 creatures vanquished.

Vanquished Creatures (others)
  2 toadstools (D:1)
2 creatures vanquished.

Grand Total: 32 creatures vanquished

Notes
Turn   | Place    | Note
-------+----------+-------------------------------------------
     0 | D:1      | Tursa the Centaur Hunter began the quest for the Orb.
     0 | D:1      | Reached XP level 1. HP: 17/17 MP: 1/1
   439 | D:1      | Reached XP level 2. HP: 24/24 MP: 2/2
   684 | D:1      | Reached skill level 6 in Bows
  1258 | D:2      | Reached XP level 3. HP: 29/29 MP: 3/3
  2038 | D:2      | HP: 1/30 [poisoned by an adder]
  2040 | D:2      | Succumbed to an adder's poison

Skill      XL: |  1  2 |
---------------+-------+-----
Bows           | 6 |  6.6
Fighting       | |  2.5
Dodging        | |  1.5
Stealth        | |  0.6

Action                   || total
-------------------------++-------
Melee: Short sword       ||    48
       Kick              ||     7
 Fire: Shortbow          ||    75
  Use: Potion            ||     5
       Scroll            ||     5
  Eat: Ration            ||     2
Armor: Leather armour    ||    26
Dodge: Dodged            ||    56
